 Dungeon Crawl Stone Soup version 0.28.0-53-g5a82cb258f (webtiles) character file.

Game seed: 80200097033060215

1209 wingedge the Shield-Bearer (level 8, -2/71 HPs)
             Began as a Minotaur Fighter on May 24, 2022.
             Was a Believer of Okawaru.
             Slain by Duvessa
             ... wielding a +3 short sword
              (11 damage)
             ... on level 5 of the Dungeon.
             The game lasted 00:14:59 (4672 turns).

wingedge the Shield-Bearer (Minotaur Fighter)       Turns: 4672, Time: 00:15:00

Health: -2/71      AC: 11    Str: 20    XL:     8   Next: 22%
Magic:  5/7        EV: 11    Int:  5    God:    Okawaru [**....]
Gold:   187        SH:  7    Dex: 13    Spells: 7/7 levels left

rFire   + . .      SeeInvis .   a - +0 long sword
rCold   . . .      Faith    .   c - +0 buckler
rNeg    . . .      Spirit   .   d - +1 scale mail {rPois}
rPois   +          Reflect  .   (helmet restricted)
rElec   .          Harm     .   (no cloak)
rCorr   .          Rampage  .   (no gloves)
Will    .....                   u - +0 pair of boots
Stlth   +.........              (no amulet)
HPRegen 0.21/turn               j - ring of protection from fire
MPRegen 0.10/turn               (no ring)

@: heroic
A: horns 2, retaliatory headbutt
a: Renounce Religion, Heroism


You were on level 5 of the Dungeon.
You worshipped Okawaru.
Okawaru was pleased with you.
You visited 1 branch of the dungeon, and saw 5 of its levels.

You collected 187 gold pieces.

Inventory:

Hand Weapons
 a - a +0 long sword (weapon)
 x - a +2 mace of protection
Missiles
 h - 91 arrows
 n - 3 curare-tipped darts (quivered)
 r - 8 poisoned darts
 F - 67 sling bullets
Armour
 b - a +0 scale mail
 c - a +0 buckler (worn)
 d - a +1 scale mail of poison resistance (worn)
 u - a +0 pair of boots (worn)
 A - a +1 chain mail of positive energy
Magical Staves
 q - a staff of fire
 y - a staff of death
Jewellery
 f - an amulet of magic regeneration
 j - a ring of protection from fire (left hand)
 D - a +6 ring of intelligence
Wands
 s - a wand of charming (7)
 w - a wand of digging (8)
 z - a wand of flame (7)
Scrolls
 e - 3 scrolls of teleportation {unknown}
 g - 3 scrolls of blinking {unknown}
 i - a scroll of vulnerability {unknown}
 m - a scroll of holy word {unknown}
 t - a scroll of enchant armour {unknown}
 B - 4 scrolls of identify {unknown}
 E - a scroll of immolation {unknown}
 G - a scroll of magic mapping {unknown}
Potions
 k - 3 potions of lignification {unknown}
 l - 2 potions of brilliance {unknown}
 p - a potion of ambrosia {unknown}
 v - 2 potions of flight {unknown}
 C - a potion of haste {unknown}


   Skills:
 + Level 6.3(11.3) Fighting
 + Level 5.7(10.7) Long Blades
 - Level 3.0(8.0) Throwing
 + Level 6.3(11.3) Armour
 + Level 6.3(11.3) Shields
 + Level 0.2 Invocations
 + Level 2.5 Evocations


You had 7 spell levels left.
You didn't know any spells.
Your spell library was empty.

Dungeon Overview and Level Annotations

Branches:
Dungeon (5/15)
 Temple: D:4-7

Altars:
Okawaru

Annotations:
D:5 Duvessa


Innate Abilities, Weirdness & Mutations

You have a pair of horns on your head.
You reflexively headbutt those who attack you in melee.


Message History

Duvessa goes berserk!
You block Duvessa's attack.
Duvessa hits you with a +3 short sword!!
* * * LOW HITPOINT WARNING * * *
You feel much better. Duvessa completely misses you.
Duvessa closely misses you. You furiously retaliate!
You headbutt Duvessa, but do no damage. You hit Duvessa but do no damage.
Duvessa is heavily wounded.
You block Duvessa's attack.
You hit Duvessa but do no damage. You headbutt Duvessa, but do no damage.
Duvessa is heavily wounded.
Duvessa hits you with a +3 short sword! x2
* * * LOW HITPOINT WARNING * * *
Okay, then.
Okay, then.
Okay, then.
You hit Duvessa but do no damage.
Duvessa is heavily wounded.
Duvessa barely misses you. You furiously retaliate!
You headbutt Duvessa, but do no damage. Duvessa hits you with a +3 short sword.
* * * LOW HITPOINT WARNING * * *
You feel better. Duvessa barely misses you. You furiously retaliate!
You headbutt Duvessa.
You feel better. You block Duvessa's attack. Duvessa closely misses you.
You feel better.
Duvessa hits you with a +3 short sword!!
* * * LOW HITPOINT WARNING * * *
You gain the combat prowess of a mighty hero.
Duvessa hits you but does no damage. Duvessa completely misses you.
You hit Duvessa but do no damage.
Duvessa is severely wounded.
Duvessa hits you with a +3 short sword.
* * * LOW HITPOINT WARNING * * *
You hit Duvessa but do no damage.
Duvessa is severely wounded.
You block Duvessa's attack.
You hit Duvessa but do no damage.
Duvessa is severely wounded.
Duvessa hits you with a +3 short sword!
You die...

..#######.
.........
.....#. #
.....#.#
....#.#
.....#
#####).#
#...e@.#
#.###.##
#.# #.#
#.# #.#
#.# #>#
#.# #.#
#.# #.#
#.# #.#
#.# #.#
#.#


You could see Duvessa (berserk).

Vanquished Creatures
  Sigmund (D:2)
  The ghost of hawla the Firebug, an amateur FeFE of Vehumet (D:4)
  Edmund (D:4)
  An ogre (D:4)
  Dowan (D:5)
  A water moccasin skeleton (D:4)
  A howler monkey (D:4)
  An orc priest (D:4)
  A centaur skeleton (D:4)
  Crazy Yiuf (D:3)
  Ijyb (D:3)
  Terence (D:2)
  Natasha (thrice) (D:2)
  2 iguanas (D:4)
  3 orc wizards
  A scorpion zombie (D:4)
  Robin (D:3)
  4 gnolls (D:4)
  4 adders
  A howler monkey skeleton (D:4)
  An ufetubus (D:4)
  A worm (D:2)
  3 dart slugs
  9 orcs
  9 endoplasms
  3 giant cockroaches
  12 goblins
  12 hobgoblins
  10 jackals (D:1)
  5 quokkas
  10 ball pythons
  3 bats
  4 frilled lizards
  13 kobolds
  6 rats
132 creatures vanquished.

Notes
Turn   | Place    | Note
-------+----------+-------------------------------------------
     0 | D:1      | wingedge the Minotaur Fighter began the quest for the Orb.
     0 | D:1      | Reached XP level 1. HP: 19/19 MP: 0/0
   357 | D:1      | Reached XP level 2. HP: 27/27 MP: 1/1
   875 | D:1      | Reached XP level 3. HP: 30/33 MP: 2/2
  1268 | D:2      | Noticed Terence
  1276 | D:2      | Killed Terence
  1356 | D:2      | Reached XP level 4. HP: 38/40 MP: 3/3
  1395 | D:2      | Noticed Natasha
  1400 | D:2      | Killed Natasha
  1537 | D:2      | Noticed Natasha
  1545 | D:2      | Killed Natasha
  1761 | D:2      | Noticed Natasha
  1767 | D:2      | Killed Natasha
  1768 | D:2      | Reached skill level 1 in Throwing
  1768 | D:2      | Reached XP level 5. HP: 42/47 MP: 4/4
  1945 | D:2      | Noticed Sigmund
  1956 | D:2      | Killed Sigmund
  1957 | D:2      | Reached skill level 5 in Fighting
  1957 | D:2      | Reached skill level 5 in Armour
  1957 | D:2      | Reached skill level 5 in Shields
  1957 | D:2      | Reached XP level 6. HP: 34/56 MP: 5/5
  2259 | D:3      | Noticed Robin
  2280 | D:3      | Killed Robin
  2474 | D:3      | Noticed Ijyb
  2481 | D:3      | Killed Ijyb
  2571 | D:3      | Found a runed translucent door.
  2572 | D:3      | Noticed Crazy Yiuf
  2581 | D:3      | Killed Crazy Yiuf
  2651 | D:3      | Found an iron altar of Okawaru.
  2671 | D:3      | Became a worshipper of Warmaster Okawaru
  3059 | D:4      | Noticed Edmund
  3069 | D:4      | Killed Edmund
  3070 | D:4      | Reached skill level 1 in Evocations
  3070 | D:4      | Reached XP level 7. HP: 51/61 MP: 6/6
  3181 | D:4      | Found a runed translucent gate.
  3181 | D:4      | Found a runed translucent gate.
  3181 | D:4      | Found a runed translucent gate.
  3181 | D:4      | Noticed hawla's ghost (amateur FeFE)
  3385 | D:4      | Killed hawla's ghost
  3385 | D:4      | Reached * piety under Okawaru
  3386 | D:4      | Reached skill level 5 in Long Blades
  3930 | D:4      | Reached XP level 8. HP: 70/70 MP: 7/7
  4091 | D:4      | Reached ** piety under Okawaru
  4572 | D:5      | Entered Level 5 of the Dungeon
  4644 | D:5      | Noticed Duvessa
  4644 | D:5      | Noticed Dowan
  4661 | D:5      | Killed Dowan
  4672 | D:5      | Slain by Duvessa

Illustrated notes

Levels and vault maps discovered:
D:1:      doesnt_arrival_eight_statues, layout_loops_ring
D:2:      minmay_evil_eye, layout_rooms, corexii_leaking_fountain, uniq_sigmund,
          uniq_natasha, uniq_terence
D:3:      layout_rooms, okawaru_altar_gauntlet_db, uniq_crazy_yiuf_cottage,
          uniq_robin, uniq_ijyb
D:4:      minmay_razor_zed, layout_basic, gammafunk_ghost_split,
          minmay_misc_feat_doors, uniq_edmund
D:5:      layout_loops_ring, grunt_dithmenos_smoke, amcnicky_altar_gilded,
          uniq_duvessa

Skill      XL: |  1  2  3  4  5  6  7 |
---------------+----------------------+-----
Long Blades    | 3 4 5 |  5.7
Armour         | 4 5 6 |  6.3
Shields        | 4 5 6 |  6.3
Fighting       | 4 5 6 |  6.3
Throwing       | 1 2 3 |  3.0
Evocations     | 1 2 |  2.5
Invocations    | |  0.2

Action                   |  1- 3 |  4- 6 |  7- 9 || total
-------------------------+-------+-------+-------++-------
Melee: Long sword        |    75 |   144 |   146 ||   365
       Headbutt          |    12 |    25 |    24 ||    61
Throw: Dart              |     3 |     3 |       ||     6
Invok: Heroism           |       |       |     1 ||     1
Evoke: Wand              |       |       |     4 ||     4
  Use: Potion            |     1 |       |     5 ||     6
Armor: Scale mail        |    50 |    77 |    58 ||   185
Dodge: Dodged            |    44 |    58 |    65 ||   167
Block: Buckler           |    25 |    26 |    33 ||    84
